AoeStats
← kjetil

African Clearing

505211756Analyzed
4v4 RM · 25d ago on Sep 8, 2026· 38m 50s· 8 players
Game mode
Random Map
Map size
Large (8 player)
Population
200
Speed
Normal
Resources
Standard
Victory
Conquest
Starting age
Dark Age
Ending age
Imperial Age
RankedLock teamsTeams togetherTeam positionsShared explorationLock speedFull tech treeHidden civsTurbo modeCheats
Victory
Defeat
🇳🇴 Jurchens · Norway
876
+13
🇸🇪 Inca · Sweden
868
+13
🇳🇱 Britons · Netherlands
865
+13
🇳🇴 Huns · Norway
841
+15
🇪🇸 Koreans · Spain
827
-40
🇫🇷 Slavs · France
811
-14
🇨🇿 Mongols · Czechia
799
-13
🇨🇿 Byzantines · Czechia
797
-13
maxoog93
4:55 Loom
17:29 Feudal Age
19:19 Horse Collar
19:27 Double-Bit Axe
23:16 Gold Mining
25:44 Castle Age
24:02 Forging
23:58 Scale Barding Armor
Mictlantecuhtli
6:03 Loom
14:04 Feudal Age
14:42 Horse Collar
26:07 Castle Age
27:04 Fletching
31:56 Bodkin Arrow
32:03 Padded Archer Armor
40:26 Imperial Age
bilbo159
Spouter
3:47 Loom
14:41 Feudal Age
16:08 Wheelbarrow
15:26 Double-Bit Axe
21:55 Castle Age
20:16 Horse Collar
20:30 Gold Mining
21:34 Stone Mining
23:47 Squires
29:18 Hand Cart
30:04 Heavy Plow
35:16 Forging
35:11 Scale Barding Armor
37:12 Fletching
37:22 Padded Archer Armor
37:58 Iron Casting
37:23 Scale Mail Armor
37:43 Bow Saw
37:15 Elite Skirmisher
37:18 Crossbowman
BrammerDude
14:59 Feudal Age
19:17 Castle Age
17:44 Double-Bit Axe
21:24 Stone Mining
21:55 Horse Collar
24:51 Heavy Plow
28:48 Gold Mining
29:11 Bow Saw
31:51 Wheelbarrow
31:33 Fletching
31:46 Padded Archer Armor
32:40 Yeomen
33:49 Gold Shaft Mining
35:52 Imperial Age
34:41 Hand Cart
34:15 Loom
34:30 Bodkin Arrow
34:51 Leather Archer Armor
36:04 Ballistics
36:12 Elite Longbowman
36:58 Bracer
39:13 Chemistry
38:20 Warwolf
Wardaddy
5:28 Loom
14:54 Feudal Age
15:06 Champi Runner
15:38 Double-Bit Axe
18:18 Scale Mail Armor
22:05 Castle Age
21:28 Scale Mail Armor
22:09 Champi Warrior
22:51 Squires
23:02 Forging
24:27 Iron Casting
24:17 Town Watch
24:40 Arson
25:58 Iron Casting
29:29 Fletching
31:39 Wheelbarrow
31:33 Chain Mail Armor
34:30 Bow Saw
34:06 Horse Collar
34:17 Stone Mining
34:17 Gold Mining
Warmommy
5:01 Loom
15:00 Feudal Age
15:29 Double-Bit Axe
16:06 Gold Mining
18:45 Stone Mining
19:39 Bloodlines
19:52 Forging
19:56 Horse Collar
27:17 Castle Age
25:52 Wheelbarrow
25:03 Town Watch
26:04 Scale Barding Armor
28:23 Bow Saw
28:15 Heavy Plow
28:53 Gold Shaft Mining
28:32 Husbandry
31:27 Stone Shaft Mining
34:47 Hand Cart
36:15 Town Patrol
35:58 Elite Skirmisher
40:27 Imperial Age
38:02 Fortified Bastions
kjetil
7:21 Loom
17:53 Feudal Age
22:54 Castle Age
23:52 Fletching
26:23 Scale Barding Armor
26:15 Bodkin Arrow
26:21 Padded Archer Armor
26:37 Double-Bit Axe
26:34 Horse Collar
27:34 Wheelbarrow
30:34 Bow Saw
31:24 Ballistics
31:27 Leather Archer Armor
31:34 Chain Barding Armor
39:40 Imperial Age
36:59 Town Watch
37:29 Hand Cart
Connection lost

Rejoining the realm…

Still unreachable

The connection could not be restored.

Session expired

The server has moved on; the page needs a fresh start.